 Dungeon Crawl Stone Soup version 0.31-a0-196-g86fe4a5e66 (webtiles) character file.

Game seed: 7609541018678295131

190 qw the Skirmisher (level 5, -4/29 HPs)
             Began as a Deep Elf Hunter on June 24, 2023.
             Slain by a gnoll
             ... wielding a +0 club
              (6 damage)
             ... on level 4 of the Dungeon.
             The game lasted 00:00:43 (2690 turns).

qw the Skirmisher (Deep Elf Hunter)                 Turns: 2690, Time: 00:00:44

Health: -4/29      AC:  5    Str: 16    XL:     5   Next: 41%
Magic:  7/7        EV: 13    Int: 14    God:
Gold:   133        SH:  0    Dex: 24    Spells: 4/4 levels left

rFire   . . .        Y - +0 shortbow
rCold   . . .        (shield currently unavailable)
rNeg    . . .        k - +0 ring mail
rPois   .            (no helmet)
rElec   .            (no cloak)
rCorr   .            (no gloves)
SInv    .            (no boots)
Will    .....        (no amulet)
Stlth   ++           a - +6 ring of strength
HPRegen 0.24/turn    i - +6 ring of dexterity
MPRegen 0.10/turn

%: no passive effects
@: no status effects
A: no striking features
a: no special abilities


You were on level 4 of the Dungeon.
You visited 1 branch of the dungeon, and saw 4 of its levels.

You collected 133 gold pieces.


   Skills:
 - Level 1.5 Fighting
 + Level 8.4 Ranged Weapons
 - Level 3.5 Dodging
 - Level 1.2 Stealth


You had 4 spell levels left.
You didn't know any spells.
Your spell library was empty.

Inventory:

Hand Weapons
 Y - a +0 shortbow (weapon)
Armour
 k - a +0 ring mail (worn)
Jewellery
 a - a +6 ring of strength (left hand)
 i - a +6 ring of dexterity (right hand)
Scrolls
 h - a scroll of identify
Potions
 d - a potion of enlightenment
 e - a potion of lignification {unknown}
 f - a potion of resistance

Dungeon Overview and Level Annotations

Branches:
Dungeon (4/15)
 Temple: D:4-7

Altars:
Qazlal

Shops:
D:2 (


Message History

The gnoll is almost dead.
The jackal barely misses you. The gnoll hits you with a +0 club.
You shoot an arrow. The arrow hits the gnoll.
You kill the gnoll!
The jackal misses you. The jackal closely misses you. The jackal misses you.
You shoot an arrow. The arrow barely misses the jackal.
The arrow hits the gnoll but does no damage.
The jackal barely misses you. x2
You shoot an arrow. The arrow closely misses the jackal.
The arrow hits the gnoll.
The gnoll is moderately wounded.
The jackal bites you. The jackal closely misses you. The jackal bites you.
The jackal closely misses you.
You shoot an arrow. The arrow closely misses the jackal.
The arrow closely misses the gnoll.
The jackal bites you but does no damage. x2
You shoot an arrow. The arrow hits the jackal!
You kill the jackal!
The jackal barely misses you. The jackal bites you.
The adder bites you but does no damage.
You shoot an arrow. The arrow hits the adder.
The adder is lightly wounded.
The jackal bites you but does no damage.
The adder bites you but does no damage. The jackal closely misses you.
You shoot an arrow. The arrow hits the adder.
The adder is severely wounded.
The gnoll closely misses you. The adder bites you.
The jackal completely misses you.
You shoot an arrow. The arrow hits the adder!
You kill the adder!
The jackal misses you.
The gnoll hits you from afar with a +0 spear!
The jackal bites you but does no damage.
The gnoll closely misses you.
You shoot an arrow. The arrow hits the gnoll.
The gnoll is moderately wounded.
The jackal bites you but does no damage.
The gnoll hits you from afar with a +0 spear.
The gnoll hits you with a +0 club.
You die...

#..........# ########
#.########.# #.......
#.# #.# #.######
############.# #.# #
#...)........###.######
##................
#.########.###### ###.#
#.# #h@.# #.#
......)g.......##.#
...##g########.##.######
. #. #....... . ########
.. .# ..


You could see 2 gnolls and a jackal.

Vanquished Creatures
  2 orc priests (D:3)
  4 adders
  5 gnolls
  A worm (D:3)
  A dart slug (D:2)
  An orc (D:3)
  5 bats
  6 endoplasms
  3 giant cockroaches
  3 goblins
  A hobgoblin (D:3)
  2 jackals (D:4)
  2 quokkas
  4 ball pythons
  3 frilled lizards
  3 kobolds
  3 rats
49 creatures vanquished.

Notes
Turn   | Place    | Note
-------+----------+-------------------------------------------
     0 | D:1      | qw the Deep Elf Hunter began the quest for the Orb.
     0 | D:1      | Reached XP level 1. HP: 12/12 MP: 3/3
     0 | D:1      | 0 ||| qw: Version: 0.3-a-9-g12657ce
     0 | D:1      | 0 ||| qw: Game counter: 4769
     0 | D:1      | 0 ||| qw: Always use a shield: true
     0 | D:1      | 0 ||| qw: God list: Okawaru
     0 | D:1      | 0 ||| qw: Allow faded altars: false
     0 | D:1      | 0 ||| qw: Do Orc after D:15 true
     0 | D:1      | 0 ||| qw: Do second Lair branch before Depths: true
     0 | D:1      | 0 ||| qw: Lair rune preference: random
     0 | D:1      | 0 ||| qw: Plans: Normal
     0 | D:1      | 0 ||| PLANNING D:1-11
   536 | D:1      | Reached skill level 6 in Ranged Weapons
   536 | D:1      | Reached XP level 2. HP: 16/16 MP: 4/4
   657 | D:1      | 657 ||| READING scroll labelled GICAPP UROOH.
   658 | D:1      | 658 ||| READING scroll labelled HEGUGA HAOWAHU.
   659 | D:1      | 659 ||| READING scroll labelled EWUDUKORPHY.
   660 | D:1      | 660 ||| READING scroll labelled MANUWOA HIUVUY.
   661 | D:1      | 661 ||| DROPPING scroll of butterflies.
  1027 | D:2      | Found Geqi's Antique Weapon Shop.
  1062 | D:2      | Reached XP level 3. HP: 8/20 MP: 5/5
  1434 | D:2      | 1434 ||| UPGRADING to +6 ring of strength.
  1435 | D:2      | 1435 ||| UPGRADING to +6 ring of dexterity.
  1436 | D:2      | 1436 ||| READING scroll labelled OQOEDUHUFA.
  1437 | D:2      | 1437 ||| READING scroll labelled VOFINO YXE FITT.
  1438 | D:2      | 1438 ||| READING 2 scrolls labelled MILEUTWAJ SIRY.
  1439 | D:2      | 1439 ||| DROPPING scroll of poison.
  1509 | D:3      | Found a stormy altar of Qazlal.
  1536 | D:3      | Reached skill level 7 in Ranged Weapons
  1545 | D:3      | Reached XP level 4. HP: 23/25 MP: 6/6
  1551 | D:3      | Reached skill level 3 in Dodging
  1868 | D:3      | Reached XP level 5. HP: 29/29 MP: 7/7
  1873 | D:3      | Reached skill level 8 in Ranged Weapons
  2359 | D:3      | 2359 ||| UPGRADING to +0 ring mail.
  2369 | D:3      | 2369 ||| DROPPING +0 leather armour.
  2370 | D:3      | 2370 ||| READING scroll labelled SOINAWILESA.
  2371 | D:3      | 2371 ||| READING 3 scrolls labelled VIROPYONATH.
  2372 | D:3      | 2372 ||| READING scroll labelled VUOZUQ WIETATEO.
  2473 | D:3      | 2473 ||| DRINKING 2 black potions.
  2474 | D:3      | 2474 ||| DRINKING 2 bubbling golden potions.
  2579 | D:3      | 2579 ||| READING 2 scrolls of identify.
  2579 | D:3      | 2579 ||| IDENTIFYING emerald potion
  2580 | D:3      | 2580 ||| DROPPING potion of berserk rage.
  2689 | D:4      | HP: 3/29 [gnoll/+0 spear (9)]
  2690 | D:4      | Slain by a gnoll

Levels and vault maps discovered:
D:1:      dpeg_arrival_refuge, layout_basic
D:2:      layout_basic, serial_shops, shop
D:3:      layout_basic, nicolae_qazlal_scattered_showers
D:4:      layout_basic, nicolae_sif_muna_little_library, serial_shops,
          nicolae_shop_tiny_statue_garden, minmay_door_square,
          nicolae_figureground_sparkle

Skill      XL: |  1  2  3  4  5 |
---------------+----------------+-----
Ranged Weapons | 6 7 8 |  8.4
Dodging        | 3 |  3.5
Fighting       | |  1.5
Stealth        | |  1.2

Action                     |  1- 3 |  4- 6 || total
---------------------------+-------+-------++-------
   Fire: Shortbow          |    68 |    71 ||   139
    Use: Scroll            |     7 |     4 ||    11
         Potion            |       |     2 ||     2
 Armour: Leather armour    |     1 |     2 ||     3
         Ring mail         |       |    10 ||    10
  Dodge: Dodged            |    17 |    26 ||    43

Table legend:
 A = Non-vault XP
 B = Vault XP
 C = Vault XP percentage of total XP
 D = Non-vault monster count
 E = Vault monster count
 F = Vault count percentage of total count
                 A         B        C        D         E       F
            +---------+---------+-------+---------+---------+-------
      Total |     272 |       0 |   0.0 |      49 |       0 |   0.0
            +---------+---------+-------+---------+---------+-------
        D:1 |      20 |       0 |   0.0 |      12 |       0 |   0.0
        D:2 |      32 |       0 |   0.0 |      12 |       0 |   0.0
        D:3 |     173 |       0 |   0.0 |      19 |       0 |   0.0
        D:4 |      47 |       0 |   0.0 |       6 |       0 |   0.0
            +---------+---------+-------+---------+---------+-------
